Unix NetHack Version 3.7.0-53 Work-in-progress - last build Apr 4 2022 15:05:14 (0945cd16e85ecfe9c80600c62adfe552c28f66b8,branch:master). Game began 2022-04-05 06:39:37, ended 2022-04-05 06:46:33. Gandelf, neutral male human Monk ---------- ---.--..--.--- ....---).)).))%)...--- .<....).%............| ....--....*..).......| .-......)....-- .@...)-| p.. ...| ..---- ... .....----%.. ............ -.----.^. --. Gandelf the Novice St:14 Dx:11 Co:11 In:10 Wi:16 Ch:11 Neutral S:568 Dlvl:5 $:38 HP:0(31) Pw:20(20) AC:4 Xp:4/80 T:1023 Latest messages: You kill the gnome! You kill the gnome! You are hit by a stout spear. You see here a dagger. You are hit by a runed dagger. A runed dagger misses you. You hit the gnome! The gnome swings her thonged club. The gnome hits! You kill the gnome! Welcome to experience level 4. You don't have anything else to wear. You materialize in a different location! A trap door in the ceiling opens and a rock falls on your head! You hear the howling of the CwnAnnwn... Are you sure you want to pray? [yn] (n) y You begin praying to Chih Sung-tzu. You are surrounded by a shimmering light. You finish your prayer. You feel that Chih Sung-tzu is well-pleased. You feel much better. You are hit by a stout spear! The gnome king tries to wield a flail. The gnome king's thonged club is welded to his hand! You hit the gnome king! The gnome king swings his thonged club. The gnome king hits! You hit the gnome king! You hit the gnome king! The gnome king turns to flee. The dwarf thrusts his broad short sword. The dwarf hits! You hit the dwarf! The dwarf thrusts his broad short sword. The dwarf misses! You hit the dwarf! You miss the dwarf. The dwarf thrusts his broad short sword. The dwarf misses! You miss the dwarf. You are hit by a runed dagger! A rock piercer suddenly drops from the ceiling! You are almost hit by a falling rock piercer! The rock piercer bites! You die... Do you want your possessions identified? [ynq] (y) y Do you want to see your attributes? [ynq] (y) y Do you want an account of creatures vanquished? [ynaq] (y) y Do you want to see your conduct and achievements? [ynq] (y) y Do you want to see the dungeon overview? [ynq] (y) y Major events: Turn 1: Gandelf the neutral male human Monk entered the dungeon 902: attained the rank of Novice (level 3) 969: entered the Gnomish Mines 1023: killed by a rock piercer Inventory: Coins $ - 38 gold pieces Weapons v - 6 cursed +0 arrows q - a +0 axe Armor a - an uncursed +2 pair of leather gloves (being worn) b - an uncursed +1 robe (being worn) Comestibles o - 3 uncursed slime molds g - 6 uncursed apples f - 3 uncursed food rations y - an uncursed food ration i - 3 uncursed fortune cookies h - 6 uncursed oranges p - an uncursed lichen corpse Scrolls d - an uncursed scroll of create monster Spellbooks c - a blessed spellbook of confuse monster m - an uncursed spellbook of create monster n - an uncursed spellbook of detect food l - an uncursed spellbook of magic missile Potions k - an uncursed diluted potion of oil r - an uncursed potion of see invisible e - 3 uncursed potions of water s - 2 uncursed potions of water Wands x - a wand of enlightenment (0:10) Gandelf the Monk's attributes: Background: You were a Novice, a level 4 male human Monk. You were neutral, on a mission for Chih Sung-tzu who was opposed by Shan Lai Ching (lawful) and Huan Ti (chaotic). You were in the Gnomish Mines, on level 5. You entered the dungeon 1023 turns ago. You had 80 experience points, 80 more were needed to attain level 5. Your score was 568 before end-of-game adjustments. Basics: You had 0 out of 31 hit points. You had all 20 energy points (spell power). Your armor class was 4. Your wallet contained 38 zorkmids. Autopickup was off. Final Characteristics: Your strength was 14 (limit:18/100). Your dexterity was 11 (limit:18). Your constitution was 11 (limit:18). Your intelligence was 10 (limit:18). Your wisdom was 16 (limit:18). Your charisma was 11 (limit:18). Final Status: You were not hungry. You were unencumbered. You were empty handed. You had basic skill with martial arts. Final Attributes: You were devoutly aligned. You were sleep resistant. You were poison resistant. You saw invisible. You were guarded. You were fast. You are dead. Miscellaneous: You never encountered a bones level. Total elapsed playing time was 6 minutes and 56 seconds. Vanquished creatures: a hobbit 4 gnomes 3 jackals a kobold 2 goblins 3 sewer rats 4 grid bugs 4 lichens a kobold zombie 5 newts 28 creatures vanquished. No species were genocided or became extinct. Voluntary challenges: You followed a strict vegan diet. You never hit with a wielded weapon. You read items or engraved 1 time. You never engraved Elbereth. You never genocided any monsters. You never polymorphed an object. You never changed form. You used no wishes. Achievements: You entered a shop. You attained the rank of Novice. You entered the Gnomish Mines. The Dungeons of Doom: levels 1 to 4 Level 1: A fountain. Level 2: A weapon shop. Level 3: Level 4: Stairs down to The Gnomish Mines. The Gnomish Mines: Level 5: <- You were here. Final resting place for you, killed by a rock piercer. Game over: ---------- / \ / REST \ / IN \ / PEACE \ / \ | Gandelf | | 38 Au | | killed by a rock | | piercer | | | | | | 2022 | *| * * * | * _________)/\\_//(\/(/\)/\//\/|_)_______ Goodbye Gandelf the Monk... You died in The Gnomish Mines on dungeon level 5 with 565 points, and 38 pieces of gold, after 1023 moves. You were level 4 with a maximum of 31 hit points when you died.